 Dungeon Crawl Stone Soup version 0.29.1-15-g9cfb28693d (webtiles) character file.

Game seed: 9248150558598533677

220 101zpm the Magician (level 6, -3/40 HPs)
             Began as a Djinni Fire Elementalist on Mar 6, 2023.
             Slain by a hound (5 damage)
             ... on level 4 of the Dungeon.
             The game lasted 00:04:43 (1851 turns).

101zpm the Magician (Djinni Fire Elementalist)      Turns: 1851, Time: 00:04:43

Health: -3/40      AC:  3    Str:  7    XL:     6   Next: 18%
Gold:   113        EV: 12    Int: 18    God:
                   SH:  5    Dex: 14

rFire   + + .      SeeInvis .   (no weapon)
rCold   x . .      Faith    .   (no shield)
rNeg    . . .      Spirit   .   a - +0 robe
rPois   ∞          Reflect  +   (no helmet)
rElec   .          Harm     .   (no cloak)
rCorr   .          Rampage  .   d - +0 pair of gloves
Will    .....                   (boots unavailable)
Stlth   ++........              b - amulet of reflection
HPRegen 0.13/turn               (no ring)
MPRegen 0.00/turn               (no ring)

@: flying
A: sickness immunity, fire resistance 2, cold vulnerability 1, float, innate
caster, HP casting, extra vitality 1
a: no special abilities


You were on level 4 of the Dungeon.
You visited 1 branch of the dungeon, and saw 4 of its levels.

You collected 113 gold pieces.

Inventory:

Armour
 a - a +0 robe (worn)
 d - a +0 pair of gloves (worn)
Jewellery
 b - an amulet of reflection (around neck)
Scrolls
 c - 5 scrolls of identify {unknown}
 e - a scroll of magic mapping {unknown}
 f - a scroll of teleportation {unknown}
 g - a scroll of blinking {unknown}
Potions
 h - a potion of brilliance {unknown}
 i - a potion of curing {unknown}
 j - a potion of mutation {unknown}
 k - a potion of might {unknown}
 l - a potion of degeneration {unknown}


   Skills:
 + Level 2.7 Dodging
 + Level 2.1 Stealth
 + Level 4.6 Spellcasting


You couldn't memorise any spells.
You knew the following spells:

 Your Spells              Type           Power      Damage    Failure   Level
a - Foxfire               Conj/Fire      80%        2x1d8     1%          1
b - Scorch                Fire           40%        2d7       3%          2
c - Conjure Flame         Conj/Fire      20%        6-21      6%          3
d - Inner Flame           Hex/Fire       20%        N/A       6%          3
e - Flame Wave            Conj/Fire      20%        2d7       21%         4
f - Beastly Appendage     Tmut           40%        N/A       1%          1
g - Ensorcelled Hibernat  Hex/Ice        40%        N/A       3%          2
Your spell library was empty.

Dungeon Overview and Level Annotations

Branches:
Dungeon (4/15)
 Temple: D:4-7

Altars:


Innate Abilities, Weirdness & Mutations

You are immune to sickness and miasma.
You are immune to poison.
Your flesh is very heat resistant. (rF++)
You are vulnerable to cold. (rC-)
You float through the air rather than walking.
You learn spells naturally, not from books.
Your magical power is your life essence.
You have superior vitality. (+4 MHP)


Message History

The fiery explosion engulfs the orc wizard!!!
You kill the orc wizard!
You hear a shout!
Casting: Foxfire (safe; 1% risk of failure)
Press: ? - help, Q - select action, (/) - cycle Dir - look around, f - activate You conjure some foxfire!
* * * LOW HITPOINT WARNING * * *
A hound comes into view.
Your magical contamination has completely faded away.
Casting: Foxfire (safe; 1% risk of failure)
Confirm with . or Enter, or press ? or * to list all spells.
You don't have enough health to cast this spell.
The foxfire hits the hound.
The hound is moderately wounded.
The foxfire hits the hound!
The hound is severely wounded.
A quokka and a hobgoblin come into view.
The hobgoblin shouts!
The hobgoblin moves out of view.
Casting: Foxfire (safe; 1% risk of failure)
Confirm with . or Enter, or press ? or * to list all spells.
Flames lash the hobgoblin.
You kill the hobgoblin!
* * * LOW HITPOINT WARNING * * *
An orc comes into view. It is wielding a +0 club.
The orc shouts!
Casting: Scorch (safe; 3% risk of failure)
Confirm with . or Enter, or press ? or * to list all spells.
You don't have enough health to cast this spell.
Casting: Foxfire (safe; 1% risk of failure)
Press: ? - help, Q - select action, (/) - cycle Dir - look around, f - activate You conjure some foxfire!
* * * LOW HITPOINT WARNING * * *
The hound barely misses you.
Your foxfire dissipates!
The foxfire hits the quokka!
You kill the quokka!
The hound closely misses you. The hound attacks as you move away!
The hound bites you.
You die...

....# #...†.
..(.##....#
......##...## ....
... #..##.<.#. ..#
....##......#....
....#...........##
#.........#÷#.#...
#.......#.#...#.#.
#.##..>..@.o......#.
+ #....†##h....##...
##...#............
#....##.#†###.#....
#..#.. ##.g.........#
...##.####...†.##....
.. ..............#
....#.#...#.#.#..
......#.#.#......


You could see a hound, an orc and a hobgoblin.

Vanquished Creatures
  An ogre (D:4)
  Natasha (thrice) (D:4)
  An orc wizard (D:4)
  An adder (D:2)
  2 worms (D:2)
  A dart slug (D:2)
  3 orcs (D:4)
  2 ball pythons (D:2)
  2 giant cockroaches
  5 goblins
  6 hobgoblins
  2 jackals (D:2)
  3 quokkas
  2 kobolds (D:2)
  3 rats
37 creatures vanquished.

Vanquished Creatures (collateral kills)
  5 foxfires (D:1)
5 creatures vanquished.

Vanquished Creatures (others)
  A quokka (D:4)
  142 foxfires
143 creatures vanquished.

Grand Total: 185 creatures vanquished

Notes
Turn   | Place    | Note
-------+----------+-------------------------------------------
     0 | D:1      | 101zpm the Djinni Fire Elementalist began the quest for the
                  | Orb.
     0 | D:1      | 101zpm set off with the following spells memorised:
                  | Foxfire, Scorch, Conjure Flame, Inner Flame, Flame Wave.
     0 | D:1      | Reached XP level 1. HP: 15/15 MP: 0/0
   354 | D:2      | Reached XP level 2. HP: 16/21 MP: 0/0
   713 | D:2      | Reached skill level 3 in Spellcasting
   713 | D:2      | Reached XP level 3. HP: 17/25 MP: 0/0
   713 | D:2      | Learned a level 1 spell: Beastly Appendage
  1628 | D:4      | Noticed Natasha
  1631 | D:4      | Killed Natasha
  1632 | D:4      | Reached XP level 4. HP: 26/31 MP: 0/0
  1677 | D:4      | Noticed Natasha
  1681 | D:4      | Killed Natasha
  1701 | D:4      | Noticed Natasha
  1707 | D:4      | Killed Natasha
  1708 | D:4      | Reached XP level 5. HP: 27/35 MP: 0/0
  1708 | D:4      | Learned a level 2 spell: Ensorcelled Hibernation
  1821 | D:4      | Noticed an ogre
  1826 | D:4      | Killed an ogre
  1827 | D:4      | Reached skill level 4 in Spellcasting
  1836 | D:4      | Reached XP level 6. HP: 11/40 MP: 0/0
  1851 | D:4      | Slain by a hound

Illustrated notes

Levels and vault maps discovered:
D:1:      lightli_arrival_farm, layout_loops_ring,
          shapermc_ecumenical_altar_notcrosses
D:2:      layout_rooms
D:3:      layout_loops_cross, hangedman_decor_growths
D:4:      nicolae_cairo_tiling_large_dashed, layout_cave_pools,
          elyvilon_altar_4, grunt_temple_overflow_open,
          minmay_temple_entry_hall, columned_hall_lemuel, uniq_natasha,
          uniq_eustachio, uniq_crazy_yiuf_cottage

Skill      XL: |  1  2  3  4  5 |
---------------+----------------+-----
Spellcasting   | 3 4 |  4.6
Stealth        | 2 |  2.1
Dodging        | |  2.7

Action                   |  1- 3 |  4- 6 || total
-------------------------+-------+-------++-------
 Cast: Foxfire           |    73 |    18 ||    91
       Scorch            |     6 |     3 ||     9
       Inner Flame       |       |     7 ||     7
       Ensorcelled Hiber |       |     1 ||     1
Armor: Robe              |     1 |       ||     1
Dodge: Dodged            |     1 |     2 ||     3
